[Event "Malawi Championship (W)"]
[Site "followchess.com"]
[Date "2022.04.16"]
[Round "4"]
[White "Tadeyo Charity"]
[Black "Banda Tapiwa"]
[Result "0-1"]
[WhiteElo "1096"]
[BlackElo "1114"]
[ECO "B00"]
[WhiteFed "MAW"]
[BlackFed "MAW"]
[FCGameId "1640602319"]
[WhiteFideId "20506988"]
[BlackFideId "20505230"]
[TimeControl "5400+00"]

1. e4 b6 2. g3 Bb7 3. Bg2 e5 4. Nf3 Bxe4 5. O-O d6 6. Nc3 Bb7 7. d3 Nf6 8. a3 Nbd7 9. Re1 c5 10. Ne4 Nxe4 11. dxe4 Be7 12. c4 a5 13. a4 O-O 14. b3 f5 15. exf5 Rxf5 16. Nd2 Bxg2 17. Kxg2 Qc7 18. Ne4 Raf8 19. Re2 Nf6 20. Nxf6+ R5xf6 21. Bg5 Qb7+ 22. Kg1 Rf3 23. 
Bxe7 Qxe7 24. Qd5+ Kh8 25. 
Rb1 h5 26. h4 Qf6 27. Rbb2 Qg6 28. Kg2 R3f4 29. Kf1 Qxg3 30. Qh1 Rxh4 31. Qg2 Qd3 32. Ke1 Rg4 33. Qh2 h4 34. Re3 Qd4 35. Rd2 Qf4 36. Qxf4 exf4 37. Rh3 f3 38. Rxd6 Re8+ 39. Kf1 Rd4 40. Rxd4 cxd4 41. Rxf3 g5 42. Rd3 Re4 43. f3 Rf4 44. Kg2 Kg7 45. Kh3 Kf6 46. Kh2 Ke6 47. Kg2 Kd6 48. Kf2 Kc5 49. Ke2 h3 50. Rd1 Kb4 51. Rb1 Kc3 52. Kf2 g4 53. Kg3 Rxf3+ 54. Kxg4 Re3 55. Rd1 d3 56. Kf4 Re2 57. Kf3 h2 58. Rc1+ Kxb3 59. Kg3 d2 60. Rd1 Kxc4 61. Kf3 Kc3 62. Rc1+ 0-1

[Event "Malawi Championship (W)"]
[Site "followchess.com"]
[Date "2022.04.16"]
[Round "3"]
[White "Shriyan santosh Priyasha"]
[Black "Msiska, Royce"]
[Result "1-0"]
[WhiteElo "1583"]
[BlackElo "1271"]
[ECO "A20"]
[WhiteFed "MAW"]
[BlackFed "MAW"]
[FCGameId "-1649640015"]
[WhiteFideId "20505353"]
[BlackFideId "16400194"]
[TimeControl "5400+00"]

1. c4 e5 2. g3 Nc6 3. Bg2 Nf6 4. d3 d5 5. cxd5 Nxd5 6. a3 Nf6 7. Nc3 Bc5 8. Nf3 O-O 9. O-O Re8 10. b4 Bd4 11. Nxd4 exd4 12. Na4 Bg4 13. Re1 h6 14. Bb2 Rb8 15. Rc1 Ne5 16. Nc5 b6 17. Na6 c5 18. Nxb8 Qxb8 19. Qb3 Be6 20. Qd1 Bg4 21. Qd2 Qd6 22. bxc5 bxc5 23. Qa5 Qb6 24. Qd2 Rb8 25. Ba1 Qd6 26. Qa5 Qb6 27. Qxc5 Qxc5 28. Rxc5 Nfd7 29. Rc7 a5 30. Bxd4 Ng6 31. Ra7 Rd8 32. Rxa5 Ndf8 33. Be3 Ne6 34. h3 1-0

[Event "Malawi Championship (W)"]
[Site "followchess.com"]
[Date "2022.04.16"]
[Round "3"]
[White "Msukwa, Tupokiwe"]
[Black "Jambo, Linda"]
[Result "1-0"]
[WhiteElo "1371"]
[BlackElo "1450"]
[ECO "D35"]
[WhiteFed "MAW"]
[BlackFed "MAW"]
[FCGameId "-2051830944"]
[WhiteFideId "20500459"]
[BlackFideId "16400054"]
[TimeControl "5400+00"]

1. d4 Nf6 2. c4 d5 3. Nc3 e6 4. a3 dxc4 5. e4 Nc6 6. Nf3 Be7 7. Bxc4 O-O 8. O-O b6 9. d5 Na5 10. Ba2 exd5 11. exd5 Bg4 12. Qd3 Bxf3 13. Qxf3 Nb7 14. b4 Nd6 15. Bb2 Nd7 16. Rac1 Bf6 17. Rfe1 Ne5 18. Qe2 Re8 19. Qf1 Qd7 20. f3 Qf5 21. Bb1 Qd7 22. Bd3 Nxd3 23. Qxd3 Rxe1+ 24. Rxe1 Re8 25. Rd1 Qf5 26. Qxf5 Nxf5 27. Kf2 a6 28. Na4 Bxb2 29. Nxb2 Nd6 30. Rc1 Re7 31. Nc4 Nxc4 32. Rxc4 Rd7 33. Ke3 Kf8 34. Kd4 Ke7 35. Rc6 f6 36. f4 g6 37. g4 1-0

[Event "Malawi Championship (W)"]
[Site "followchess.com"]
[Date "2022.04.16"]
[Round "3"]
[White "Kapalamula Martha"]
[Black "Namangale, Susan"]
[Result "1-0"]
[WhiteElo "1155"]
[BlackElo "1301"]
[ECO "C41"]
[WhiteFed "MAW"]
[BlackFed "MAW"]
[FCGameId "-1950626417"]
[WhiteFideId "20505116"]
[BlackFideId "20501790"]
[TimeControl "5400+00"]

1. e4 e5 2. Nf3 d6 3. h3 Nf6 
4. Nc3 Be6 5. d4 exd4 6. Nxd4 Bd7 7. Bd3 Nc6 8. Be3 g5 9. Nxc6 Bxc6 10. Bxg5 Rg8 11. Qd2 Bg7 12. Qf4 Qe7 13. O-O-O O-O-O 
14. Qf5+ Bd7 15. Qa5 Kb8 16. 
Nd5 Qe5 17. f4 b6 18. Qa6 Bc8 19. Qa3 Qe6 20. Rhe1 h6 21. f5 Qe5 22. Bf4 Qe8 23. g4 Qc6 24. Qb3 Rde8 25. Bb5 Qb7 26. Bxe8 Rxe8 27. Rd4 Nxg4 28. Rc4 c6 29. Bxd6+ Ka8 30. Nc7+ Kb8 31. Nxe8+ Ka8 32. hxg4 Bxb2+ 33. Qxb2 Qd7 34. Nc7+ Kb7 35. Rd1 Qd8 36. 
Qa3 a5 37. Be5 Qg5+ 38. Kb2 f6 39. Qd6 fxe5 40. Qxc6+ Ka7 41. Qa8# 1-0

[Event "Malawi Championship (W)"]
[Site "followchess.com"]
[Date "2022.04.16"]
[Round "3"]
[White "Kumwenda Tina"]
[Black "Tadeyo Charity"]
[Result "1/2-1/2"]
[WhiteElo "1195"]
[BlackElo "1096"]
[ECO "C41"]
[WhiteFed "MAW"]
[BlackFed "MAW"]
[FCGameId "-1349627782"]
[WhiteFideId "20502338"]
[BlackFideId "20506988"]
[TimeControl "5400+00"]

1. e4 e5 2. Nf3 d6 3. h3 c5 4. Nc3 Nf6 5. d3 Nc6 6. Bg5 Be7 7. Be2 h6 8. Bh4 Bd7 9. O-O O-O 10. a3 Nh5 11. Bxe7 Qxe7 12. Nd5 Qd8 13. Nxe5 Nxe5 14. Bxh5 Qg5 15. Kh2 Ng6 16. Bxg6 fxg6 17. f4 Qd8 18. c3 Rc8 19. Qb3 Kh8 20. Rf3 b6 21. Raf1 Be6 22. Rg3 Bxd5 23. Qxd5 Rf6 24. f5 gxf5 25. Rxf5 Rc7 26. Rxf6 Qxf6 27. Rf3 Qe5+ 28. Qxe5 dxe5 29. Rf8+ Kh7 30. Re8 Rd7 31. Rxe5 Rxd3 32. Re7 Re3 33. Kg1 Kg6 34. Kf2 Kf6 35. Kxe3 Kxe7 36. Kf4 Ke6 37. e5 b5 38. g4 g6 39. g5 h5 40. h4 a6 41. Ke4 a5 42. Kf4 Kd5 43. b3 
Kc6 44. Ke4 {-error} 1/2-1/2

[Event "Malawi Championship (W)"]
[Site "followchess.com"]
[Date "2022.04.15"]
[Round "2"]
[White "Namangale, Susan"]
[Black "Shriyan santosh Priyasha"]
[Result "0-1"]
[WhiteElo "1301"]
[BlackElo "1583"]
[ECO "A40"]
[WhiteFed "MAW"]
[BlackFed "MAW"]
[FCGameId "-1034273911"]
[WhiteFideId "20501790"]
[BlackFideId "20505353"]
[TimeControl "5400+00"]

1. d4 g6 2. e4 Bg7 3. Be3 d6 4. Bd3 Nf6 5. Nd2 Ng4 6. Qe2 Nxe3 7. Qxe3 Nd7 8. Ne2 c5 9. c3 a6 10. a4 O-O 11. f4 e5 12. d5 exf4 13. Nxf4 Ne5 14. Be2 Qh4+ 15. g3 Qe7 16. c4 f5 17. O-O-O Bd7 18. b3 b5 19. cxb5 axb5 20. Bxb5 Bxb5 21. axb5 Ng4 22. Qf3 Qf6 23. Nc4 Ra2 24. e5 Nxe5 25. Qc3 Nd3+ 26. Qxd3 Qa1+ 27. Qb1 Qc3+ {-error} 0-1

[Event "Malawi Championship (W)"]
[Site "followchess.com"]
[Date "2022.04.15"]
[Round "2"]
[White "Jambo, Linda"]
[Black "Tadeyo Charity"]
[Result "1-0"]
[WhiteElo "1450"]
[BlackElo "1096"]
[ECO "C41"]
[WhiteFed "MAW"]
[BlackFed "MAW"]
[FCGameId "-2146890822"]
[WhiteFideId "16400054"]
[BlackFideId "20506988"]
[TimeControl "5400+00"]

1. e4 e5 2. Nf3 d6 3. h3 Nf6 4. Nc3 c5 5. Bb5+ Bd7 6. d3 h6 7. O-O Be7 8. Bxd7+ Nbxd7 9. Re1 O-O 10. b3 Nb6 11. Bb2 Re8 12. Rb1 Qd7 13. a4 a5 14. Nb5 Nc8 15. c3 Na7 16. Nxa7 Rxa7 17. d4 exd4 18. cxd4 b6 19. dxc5 dxc5 20. Qxd7 Rxd7 21. e5 Nh7 22. e6 fxe6 23. Rxe6 Rd6 24. Rbe1 Kf8 25. Rxd6 Bxd6 26. Bxg7+ Kf7 27. Bxh6 Rxe1+ 28. Nxe1 Ke6 29. Nc2 Nf6 30. Ne3 Ne4 31. Nc4 Bc7 32. g4 Kf6 33. Kg2 Kg6 34. Be3 Nf6 35. f4 Nd5 36. f5+ Kf6 37. h4 Nxe3+ 38. Nxe3 Ke5 39. Kf3 Bd8 40. h5 Bg5 41. Nc4+ Kd4 42. Nxb6 Kc3 43. Nd7 Kxb3 44. Nxc5+ Kb4 45. Nb7 Kxa4 46. Ke4 Kb5 47. Nxa5 Kxa5 48. Ke5 1-0

[Event "Malawi Championship (W)"]
[Site "followchess.com"]
[Date "2022.04.15"]
[Round "2"]
[White "Msiska, Royce"]
[Black "Msukwa, Tupokiwe"]
[Result "1-0"]
[WhiteElo "1271"]
[BlackElo "1371"]
[ECO "B90"]
[WhiteFed "MAW"]
[BlackFed "MAW"]
[FCGameId "-435112548"]
[WhiteFideId "16400194"]
[BlackFideId "20500459"]
[TimeControl "5400+00"]

1. e4 c5 2. Nf3 d6 3. d4 cxd4 4. Nxd4 Nf6 5. Nc3 a6 6. Bc4 e6 7. Nf3 Nc6 8. O-O Be7 9. a3 O-O 10. Bf4 Qc7 11. h3 Rd8 12. Re1 b5 13. Ba2 Bb7 14. Qe2 Rac8 15. e5 dxe5 16. Nxe5 Nxe5 17. Bxe5 Qc6 18. f3 Qb6+ 19. Kh1 Nd7 20. Bf4 b4 21. Be3 Qc7 22. axb4 Bxb4 23. Bd4 Qf4 24. Qe3 1-0

[Event "Malawi Championship (W)"]
[Site "followchess.com"]
[Date "2022.04.15"]
[Round "2"]
[White "Mpinganjira, Ellen"]
[Black "Banda Tapiwa"]
[Result "0-1"]
[WhiteElo "1360"]
[BlackElo "1114"]
[ECO "C41"]
[WhiteFed "MAW"]
[BlackFed "MAW"]
[FCGameId "-26460781"]
[WhiteFideId "16400100"]
[BlackFideId "20505230"]
[TimeControl "5400+00"]

1. e4 e5 2. Nf3 d6 3. h3 Nf6 4. Nc3 b6 5. Bc4 Ba6 6. Bb3 h6 7. d3 Bb7 8. O-O Be7 9. Ne2 c6 10. Ng3 Nbd7 11. Nh2 Nc5 12. c3 Nxb3 13. Qxb3 d5 14. Re1 c5 15. Qb5+ Qd7 16. Qxd7+ Nxd7 17. exd5 Bxd5 18. Nf5 Bf6 19. c4 Be6 20. Nd6+ Ke7 21. Ne4 Bf5 22. Rb1 Rhd8 23. b3 Nf8 24. Nxf6 Kxf6 25. Bb2 Ng6 26. Rbd1 Rxd3 27. Rxd3 Bxd3 28. Ng4+ Kf5 29. Bxe5 Re8 30. Bc3 Rxe1+ 31. Bxe1 Bb1 32. Ne3+ Ke6 33. 
a3 Ba2 34. b4 cxb4 35. axb4 Ne5 36. c5 bxc5 37. bxc5 Nd3 38. Bc3 f6 39. Bd4 Nc1 40. c6 a6 41. Bb6 Kd6 42. c7 Be6 43. Nc4+ Kd7 44. Na5 Nb3 45. Nb7 Ke7 46. Nd8 Bc8 47. Nc6+ Kd7 48. Na7 a5 49. Nb5 Kc6 50. Nd4+ Nxd4 51. Bxd4 Kxc7 52. Kf1 Kc6 53. Ke1 Kb5 54. Kd2 Kc4 55. Ba1 Kb3 56. f4 a4 57. g4 a3 58. f5 Ka2 59. Bd4 Kb1 60. h4 a2 61. g5 hxg5 62. hxg5 fxg5 63. Bxg7 Bxf5 64. Ke3 a1=Q 65. Bxa1 Kxa1 66. Kf3 Kb1 67. Kg3 Kc1 68. Kf3 Kd1 69. Kg3 Ke1 70. Kf3 Kf1 71. Kg3 Kg1 72. Kf3 Kh2 73. Kf2 g4 74. Kf1 g3 0-1

[Event "Malawi Championship (W)"]
[Site "followchess.com"]
[Date "2022.04.15"]
[Round "1"]
[White "Shriyan santosh Priyasha"]
[Black "Kumwenda Tina"]
[Result "1-0"]
[WhiteElo "1583"]
[BlackElo "1195"]
[ECO "A20"]
[WhiteFed "MAW"]
[BlackFed "MAW"]
[FCGameId "680153905"]
[WhiteFideId "20505353"]
[BlackFideId "20502338"]
[TimeControl "5400+00"]

1. c4 e5 2. g3 Nc6 3. Bg2 Nf6 4. a3 Bc5 5. d3 h6 6. Nf3 d6 7. Nc3 Bg4 8. O-O O-O 9. b4 Bd4 10. Nxd4 exd4 11. Ne4 Re8 12. Bb2 Nxe4 1-0